 Dungeon Crawl Stone Soup version 0.28-a0-1033-g1a2f33fa85 (webtiles) character file.

Game seed: 2401444256710916644

28 garbled the Caller (level 3, 0/16 HPs)
             Began as a Vine Stalker Summoner on Dec 7, 2021.
             Succumbed to an adder's poison
             ... on level 2 of the Dungeon.
             The game lasted 00:04:48 (1909 turns).

garbled the Caller (Vine Stalker Summoner)          Turns: 1909, Time: 00:04:49

Health: 0/16       AC:  2    Str: 10    XL:     3   Next: 14%
Magic:  1/7        EV: 12    Int: 17    God:
Gold:   151        SH:  0    Dex: 14    Spells: 4/7 levels left

rFire   . . .      SeeInvis .   c - +0 dagger
rCold   . . .      Faith    .   (no shield)
rNeg    . . .      Spirit   +   a - +0 robe
rPois   .          Reflect  .   (no helmet)
rElec   .          Harm     .   (no cloak)
rCorr   .          Rampage  .   (no gloves)
Will    .....                   (no boots)
Stlth   ++........              (no amulet)
HPRegen 0.05/turn               (no ring)
MPRegen 0.10/turn               (no ring)

@: lethally poisoned (0 -> -3), invisible
A: fangs 2, magic shield, antimagic bite, no potion heal 2
a: no special abilities


You were on level 2 of the Dungeon.
You visited 1 branch of the dungeon, and saw 2 of its levels.

You collected 151 gold pieces.

Inventory:

Hand Weapons
 c - a +0 dagger (weapon)
 k - a +0 triple crossbow
Missiles
 l - 3 boomerangs (quivered)
Armour
 a - a +0 robe (worn)
Scrolls
 d - a scroll of vulnerability {unknown}
 e - 4 scrolls of identify {unknown}
 f - 3 scrolls of teleportation {unknown}
 g - a scroll of magic mapping {unknown}
 h - a scroll of silence {unknown}
Potions
 j - a potion of flight {unknown}


   Skills:
 + Level 0.3 Fighting
 - Level 1.7 Dodging
 + Level 2.6 Stealth
 + Level 2.5 Spellcasting
 * Level 4.5 Summonings


You had 4 spell levels left.
You knew the following spells:

 Your Spells              Type           Power      Damage    Failure   Level
a - Summon Small Mammal   Summ           68%        N/A       2%          1
b - Call Imp              Summ           17%        N/A       4%          2

Your spell library contained the following spells:

 Spells                   Type           Power      Damage    Failure   Level
 Call Canine Familiar     Summ           17%        N/A       9%          3
 Summon Guardian Golem    Hex/Summ       9%         N/A       22%         3
 Summon Lightning Spire   Summ/Air       9%         N/A       58%         4


Dungeon Overview and Level Annotations

Branches:
Dungeon (2/15)

Altars:
Nemelex Xobeh

Shops:
D:2 [


Innate Abilities, Weirdness & Mutations

You have extremely sharp teeth.
When hurt, damage is shared between your health and your magic reserves.
Your bite disrupts and absorbs the magic of your enemies.
Potions cannot restore your health.


Message History

Your quokka is poisoned.
The adder poisons your quokka!
Your crimson imp closely misses the adder.
The bat barely misses your quokka.
Your quokka closely misses the adder.
The adder closely misses your quokka.
Your crimson imp hits the adder.
Your quokka completely misses the adder.
The bat closely misses your quokka. The adder bites your quokka.
Your quokka dies!
Your quokka's corpse disappears in a puff of smoke!
Your crimson imp misses the adder.
Casting: Summon Small Mammal (safe; 2% risk of failure)
Confirm with . or Enter, or press ? or * to list all spells.
The bat closely misses you.
The bat hits you but does no damage. x2; The adder closely misses you.
You closely miss the adder.
The adder is lightly wounded.
The bat hits you. The adder bites you.
You are poisoned.
The adder poisons you!
Your crimson imp barely misses the adder.
You barely miss the adder. You bite the adder. You drain its power.
You feel invigorated.
The adder is heavily wounded.
You feel sick. The bat hits you.
* * * LOW HITPOINT WARNING * * *
The bat barely misses your quokka. The adder bites you.
* * * LOW HITPOINT WARNING * * *
The bat completely misses your crimson imp.
Your quokka bites the adder.
The adder bites your quokka.
Your crimson imp closely misses the adder.
It was a potion of heal wounds.
That seemed strangely inert.
* * * LOW HITPOINT WARNING * * *
You feel sick. The bat barely misses you. x2
Your quokka barely misses the adder.
The adder bites your quokka.
Your quokka is poisoned.
The adder poisons your quokka!
Your crimson imp closely misses the adder.
It was a potion of invisibility.
You fade into invisibility!
You die...

#..#)######## ....# #.#.
)....†....... ####...#
#######.#. ........<....
..#...###.........
..........###
#.#.........###.#.
..##.####.#
#.#...###.#.# #.#.
..##.#
.######.....###.#.###...
.....#
..........#>............
..####
..........>.....#.###...
.#...# #####@r########.#
##.. ..##.# #bS# #.# ..
.## # #.5# #.# ...
#......[# #.# ####
#.#####.# #.# # #.# .# .
#.# ... ##


You could see an adder (ally target), a bat, a friendly crimson imp (summoned)
and a friendly quokka (summoned, poisoned).

Vanquished Creatures
  A quokka (D:2)
  6 ball pythons
  A bat (D:1)
  A kobold (D:1)
  A rat (D:2)
10 creatures vanquished.

Vanquished Creatures (collateral kills)
  A worm (D:2)
  2 bats (D:2)
  2 endoplasms
  2 goblins
  A hobgoblin (D:2)
  A ball python (D:1)
  A frilled lizard (D:1)
  3 kobolds
  3 rats
16 creatures vanquished.

Vanquished Creatures (others)
  2 toadstools (D:1)
2 creatures vanquished.

Grand Total: 28 creatures vanquished

Notes
Turn   | Place    | Note
-------+----------+-------------------------------------------
     0 | D:1      | garbled the Vine Stalker Summoner began the quest for the
                  | Orb.
     0 | D:1      | Reached XP level 1. HP: 9/9 MP: 4/4
   498 | D:1      | Reached XP level 2. HP: 13/13 MP: 6/6
  1037 | D:2      | Learned a level 2 spell: Call Imp
  1526 | D:2      | Found Kelufek's Antique Armour Shop.
  1725 | D:2      | Reached XP level 3. HP: 16/16 MP: 7/7
  1847 | D:2      | Found a sparkling altar of Nemelex Xobeh.
  1909 | D:2      | Succumbed to an adder's poison

Illustrated notes

Levels and vault maps discovered:
D:1:      doesnt_arrival_eight_statues, layout_basic, minmay_gold_behind_fungi
D:2:      layout_loops_ring, serial_shops, shop, basic_altar

Action                   || total
-------------------------++-------
Melee: Dagger            ||    43
       Bite              ||    13
       Unarmed           ||     3
 Cast: Summon Small Mamm ||    27
       Call Imp          ||    12
  Use: Potion            ||     2
 Stab: Sleeping          ||     3
Armor: Robe              ||    23
Dodge: Dodged            ||    47

Table legend: (Time is in decaauts)
 A = Elapsed time spent in this place.
 B = Non-inter-level travel time spent in this place.
 C = Inter-level travel time spent in this place.
 D = Time resting spent in this place.
 E = Time spent auto-exploring this place.
 F = Levels seen in this place.
 G = Mean time per level.
                   A        B        C        D        E       F      G
               +--------+--------+--------+--------+--------+-----+--------+
         Total |   1908 |   1866 |     42 |      0 |   1519 |   2 |  954.0 |
       Dungeon |   1908 |   1866 |     42 |      0 |   1519 |   2 |  954.0 |
               +--------+--------+--------+--------+--------+-----+--------+

Top non-repeatable levels by time:
     D:1: 1032 daAuts
     D:2: 875 daAuts
